 Dungeon Crawl Stone Soup version 0.29-a0-375-g5102b3be25 (webtiles) character file.

Game seed: 10227139076450961796

395535 Shayle the Eclecticist (level 23, -2/144 HPs)
             Began as a Tengu Brigand on May 2, 2022.
             Was an Elder of Ashenzari.
             Killed from afar by an acid blob (8 damage)
             ... with a splash of acid
             ... on level 5 of the Pits of Slime on May 4, 2022.
             The game lasted 09:07:41 (105502 turns).

Shayle the Eclecticist (Tengu Brigand)            Turns: 105502, Time: 09:07:42

Health: -2/144     AC: 13    Str: 18    XL:     23   Next: 19%
Magic:  52/55      EV: 17    Int: 21    God:    Ashenzari [****..]
Gold:   1790       SH: 22    Dex: 15    Spells: 8/59 levels left

rFire   + . .      SeeInvis +   A - +6 rapier "Pafol" {flame, rF+ rN+}
rCold   . . .      Faith    .   P - +5 kite shield of Ashenzari's Apathy {AC+3, Comp, Bglg} (curse)
rNeg    + . .      Spirit   .   L - +5 ring mail of Words of Power {MP+9 Str+6}
rPois   +          Reflect  +   Y - +2 hat of Ashenzari's Augurer {Elem, Cun} (curse)
rElec   +          Harm     .   c - +2 cloak of the Distant Burden {Melee, Elem} (curse)
rCorr   +          Rampage  +   E - +2 pair of gloves "Sibylline Augurer" {Rampage rElec, Bglg, Comp} (curse)
Will    +....      Clarity  +   (boots unavailable)
Stlth   ++++......              t - amulet of Ashenzari's Dismay {Reflect SH+5, Fort, Alch} (curse)
HPRegen 0.34/turn               C - ring of the Shattered Yoke {rPois, Self, Alch} (curse)
MPRegen 0.34/turn               J - ring of resist corrosion

@: about to teleport, corroded, flying quickly and evasively, studying 2 skills,
quick
A: beak, talons 3, nimble flight, deformed body, dopey 1
}: 2/15 runes: decaying, serpentine
a: Renounce Religion, Curse Item, Shatter the Chains


You were on level 5 of the Pits of Slime.
You worshipped Ashenzari.
Ashenzari was greatly pleased with you.
You visited 10 branches of the dungeon, and saw 45 of its levels.
You visited the Abyss 1 time.
You visited 1 bazaar.
You also visited: Sewer, Bailey and Gauntlet.

You collected 5749 gold pieces.
You spent 3959 gold pieces at shops.

Inventory:

Hand Weapons
 A - the +6 rapier "Pafol" (weapon) {flame, rF+ rN+}
   (You found it on level 12 of the Dungeon)

   It burns those it strikes, dealing additional fire damage.
   rF:        It protects you from fire.
   rN:        It protects you from negative energy.
 O - a +7 demon trident of pain
Missiles
 p - 9 curare-tipped darts (quivered)
 G - 15 atropa-tipped darts
 V - a throwing net
Armour
 c - the cursed +2 cloak of the Distant Burden (worn) {Melee, Elem}

   It has a curse which improves the following skills: Melee Combat: Short
   Blades, Long Blades, Axes, Maces & Flails, Polearms, Staves and Unarmed
   Combat.
   Elements:  Fire Magic, Ice Magic, Air Magic and Earth Magic.
 E - the cursed +2 pair of gloves "Sibylline Augurer" (worn) {Rampage rElec, Bglg, Comp}
   (You acquired it on level 8 of the Dungeon)

   rElec:     It insulates you from electricity.
   Rampage:   It bestows one free step when moving towards enemies.
   It has a curse which improves the following skills: Beguiling: Conjurations,
   Hexes and Translocations.
   Companions: Summonings and Necromancy.
 L - the +5 ring mail of Words of Power (worn) {MP+9 Str+6}
   (You found it on level 4 of the Swamp)

   Str:       It affects your strength (+6).
   MP:        It affects your magic capacity (+9).
 P - the cursed +5 kite shield of Ashenzari's Apathy (worn) {AC+3, Comp, Bglg}
   (You took it off a tengu warrior on level 13 of the Dungeon)

   It has a curse which improves the following skills: Companions: Summonings
   and Necromancy.
   Beguiling: Conjurations, Hexes and Translocations.
 Y - the cursed +2 hat of Ashenzari's Augurer (worn) {Elem, Cun}
   (You found it in a Gauntlet)

   It has a curse which improves the following skills: Elements: Fire Magic, Ice
   Magic, Air Magic and Earth Magic.
   Cunning:   Dodging and Stealth.
Jewellery
 t - the cursed amulet of Ashenzari's Dismay (around neck) {Reflect SH+5, Fort, Alch}
   (You found it on level 3 of the Dungeon)

   [amulet of reflection]

   It reflects blocked missile attacks.
   SH:        It affects your SH (+5).
   It has a curse which improves the following skills: Fortitude: Armour and
   Shields.
   Alchemy:   Poison Magic and Transmutations.
 C - the cursed ring of the Shattered Yoke (left hand) {rPois, Self, Alch}
   (You found it on level 5 of the Dungeon)

   [ring of poison resistance]

   rPois:     It protects you from poison.
   It has a curse which improves the following skills: Introspection: Fighting
   and Spellcasting.
   Alchemy:   Poison Magic and Transmutations.
 J - a ring of resist corrosion (right hand)
 M - a ring of willpower
 Q - a +4 ring of protection
 S - the ring "Xeimnuac" {rC+ rN+ Str+6 Dex-5 Slay+3}
   (You took it off a deep elf pyromancer on level 3 of the Elven Halls)

   [ring of strength]

   Str:       It affects your strength (+6).
   Dex:       It affects your dexterity (-5).
   Slay:      It affects your accuracy & damage with ranged weapons and melee
   (+3).
   rC:        It protects you from cold.
   rN:        It protects you from negative energy.
Wands
 b - a wand of digging (15)
 e - a wand of iceblast (39)
 m - a wand of flame (41)
 s - a wand of paralysis (13)
 B - a wand of acid (7)
 N - a wand of mindburst (18)
Scrolls
 g - 6 scrolls of teleportation
 h - 2 scrolls of holy word
 k - 7 scrolls of fog
 r - 2 scrolls of fear
 w - 5 scrolls of immolation
 y - 3 scrolls of magic mapping
 z - 2 scrolls of poison
 I - a scroll of silence
Potions
 f - 4 potions of lignification
 i - 3 potions of might
 j - 3 potions of mutation
 l - a potion of resistance
 n - 2 potions of berserk rage
 o - 9 potions of haste
 q - 11 potions of brilliance
 u - 3 potions of ambrosia
 x - a potion of magic
 H - 13 potions of curing
 Z - 2 potions of invisibility
Miscellaneous
 F - a condenser vane
 R - a phantom mirror


   Skills:
 - Level 13.4(15.3) Fighting
 - Level 2.1(3.7) Short Blades
 - Level 7.6(9.6) Polearms
 - Level 2.0 Throwing
 - Level 7.7(9.7) Armour
 - Level 8.3(10.3) Dodging
 - Level 8.3(10.3) Stealth
 - Level 10.5(12.5) Shields
 * Level 8.3(10.3) Unarmed Combat
 - Level 17.0(18.8) Spellcasting
 - Level 13.6(16.5) Conjurations
 - Level 5.1(8.0) Hexes
 - Level 11.4(14.3) Summonings
 - Level 9.8(12.8) Necromancy
 - Level 8.5(11.5) Transmutations
 - Level 9.9(12.9) Fire Magic
 - Level 11.2(14.1) Air Magic
 - Level 14.4(17.3) Earth Magic
 - Level 7.0(10.0) Poison Magic


You had 8 spell levels left.
You knew the following spells:

 Your Spells              Type           Power      Damage    Failure   Level
a - Lightning Bolt        Conj/Air       35%        1d53      1%          5
b - Airstrike             Air            34%        N/A       1%          4
c - Mephitic Cloud        Conj/Pois/Air  67%        N/A       1%          3
d - Ignite Poison         Fire/Tmut/Pois 62%        N/A       1%          3
e - Iron Shot             Conj/Erth      37%        9d7       1%          6
f - Vampiric Draining     Necr           65%        2d10      1%          3
g - Summon Cactus Giant   Summ           34%        N/A       3%          6
h - Summon Ice Beast      Ice/Summ       50%        N/A       4%          4
i - Yara's Violent Unrav  Hex/Tmut       28%        3d12      4%          5
j - Storm Form            Tmut/Air       32%        N/A       34%         7
k - Manifold Assault      Tloc           21%        N/A       89%         5

Your spell library contained the following spells:

 Spells                   Type           Power      Damage    Failure   Level
 Sandblast                Erth           100%       2d20      0%          1
 Shock                    Conj/Air       100%       1d9       0%          1
 Animate Skeleton         Necr           100%       N/A       1%          1
 Foxfire                  Conj/Fire      100%       2x1d9     1%          1
 Pain                     Necr           100%       1d9       1%          1
 Sting                    Tmut/Pois      100%       1d8       1%          1
 Corpse Rot               Necr/Air       100%       N/A       1%          2
 Passwall                 Tmut/Erth      57%        N/A       1%          2
 Poisonous Vapours        Pois/Air       100%       N/A       1%          2
 Static Discharge         Conj/Air       71%        N/A       1%          2
 Confusing Touch          Hex            52%        N/A       1%          3
 Conjure Flame            Conj/Fire      69%        6-21      1%          3
 Dazzling Flash           Conj/Hex       100%       N/A       1%          3
 Inner Flame              Hex/Fire       59%        N/A       1%          3
 Spider Form              Tmut/Pois      60%        N/A       1%          3
 Stone Arrow              Conj/Erth      100%       3d13      1%          3
 Anguish                  Hex/Necr       29%        N/A       1%          4
 Animate Armour           Summ/Erth      100%       N/A       1%          4
 Animate Dead             Necr           32%        N/A       1%          4
 Dispel Undead            Necr           65%        3d22      1%          4
 Flame Wave               Conj/Fire      69%        2d13      1%          4
 Fulminant Prism          Conj/Hex       31%        3d16      1%          4
 Petrify                  Tmut/Erth      69%        N/A       1%          4
 Summon Lightning Spire   Summ/Air       68%        N/A       1%          4
 Agony                    Necr           65%        N/A       1%          5
 Blade Hands              Tmut           31%        N/A       1%          5
 Excruciating Wounds      Necr           32%        N/A       1%          5
 Lee's Rapid Deconstruct  Erth           37%        3d20*     1%          5
 Ensorcelled Hibernation  Hex/Ice        74%        N/A       2%          2
 Iskenderun's Mystic Bla  Conj/Tloc      53%        2d11      2%          4
 Silence                  Hex/Air        30%        N/A       2%          5
 Summon Mana Viper        Hex/Summ       61%        N/A       2%          5
 Cause Fear               Hex            26%        N/A       3%          4
 Freezing Cloud           Conj/Ice/Air   29%        6-21      3%          5
 Portal Projectile        Hex/Tloc       74%        N/A       4%          3
 Blink                    Tloc           42%        N/A       11%         2
 Summon Forest            Summ/Tloc      25%        N/A       12%         5
 Monstrous Menagerie      Summ           34%        N/A       21%         7
 Gell's Gravitas          Tloc           21%        N/A       22%         3
 Teleport Other           Tloc           21%        N/A       22%         3
 Haunt                    Necr/Summ      33%        N/A       26%         7
 Lehudib's Crystal Spear  Conj/Erth      37%        10d9      47%         8
 Maxwell's Capacitive Co  Air            34%        ∞         86%         8
 Enfeeble                 Hex            26%        N/A       95%         7
 Borgnjor's Revivificati  Necr           32%        N/A       96%         8
 Infestation              Necr           32%        N/A       96%         8
 Necromutation            Tmut/Necr      31%        N/A       98%         8
 Dispersal                Tloc           10%        N/A       100%        6
 Discord                  Hex            26%        N/A       100%        8
 Disjunction              Tloc           10%        N/A       100%        8
 Death's Door             Necr           32%        N/A       100%        9
 Shatter                  Erth           37%        3d30*     100%        9


Dungeon Overview and Level Annotations

Branches:
Dungeon (15/15)            Temple (1/1) D:4            Lair (6/6) D:11
  Swamp (4/4) Lair:4        Snake (4/4) Lair:4        Slime (5/5) Lair:6
    Orc (2/2) D:10            Elf (3/3) Orc:2        Vaults (2/5) D:14
 Depths (3/4) D:15          Sewer (visited)          Bailey (visited)
Gauntlet (visited)
  Crypt: Vaults:2-3

Altars:
Ashenzari
Cheibriados
Dithmenos
Elyvilon
Fedhas
Gozag
Hepliaklqana
Kikubaaqudgha
Makhleb
Nemelex Xobeh
Okawaru
Qazlal
Ru
Sif Muna
Trog
Uskayaw
Vehumet
Wu Jian
Xom
Yredelemnul
Zin
The Shining One
Jiyva

Shops:
D:12 =   Orc:2 ?**[!   Snake:4 *   Vaults:1 !   Depths:1 (

Portals:
Hell: Depths:1 Depths:2 Depths:3
Abyss: Depths:1 Depths:2 Depths:3
Pandemonium: Depths:1 Depths:2 Depths:3

Annotations:
Swamp:2 2 transporters, OTABOTABOTAB's ghost, adept DECj
Snake:3 Mara
Snake:4 3 runed translucent doors, exclusion: obsidian statue, Cifurakhle's ghost, adept MiBe
Slime:2 exclusion: upstairs
Slime:5 Royal Jelly
Vaults:2 Mennas
Depths:1 1 runed translucent door
Depths:2 1 runed translucent door, exclusion: door
Depths:3 5 runed translucent doors, exclusion: door, Boris; Parghit


Innate Abilities, Weirdness & Mutations

You have a beak for a mouth.
You have claws for feet.
Your magical nature lets you fly swiftly and evasively.
Armour fits poorly on your strangely shaped body.
You are dopey. (Int -2)


Message History

Aiming: Paralyse
Press: ? - help, Shift-Dir - straight line, f - acid blob
Aim: an acid blob (ally target, chance to affect: 0%)
Okay, then.
You feel better.
Your cactus giant hits the acid blob with a +0 giant spiked club!!
The acid corrodes your cactus giant!
Your cactus giant is burned by acid!
The acid blob spits acid at you. The splash of acid hits you. You resist.
* * * LOW HITPOINT WARNING * * *
The acid corrodes you!
Two slime creatures merge to form a large slime creature. x2
A large slime creature splits.
You block the slime creature's attack.
An acid blob comes into view.
As you read the scroll of teleportation, it crumbles to dust.
You feel strangely unstable.
A quicksilver ooze comes into view.
The slime creature completely misses you.
You block the large slime creature's attack.
Two slime creatures merge to form a very large slime creature.
The slime creature hits you.
* * * LOW HITPOINT WARNING * * *
You block the acid blob's attack.
An azure jelly comes into view.
Two slime creatures merge to form an enormous slime creature.
Okay, then.
You feel better. You block the slime creature's attack.
You block the acid blob's attack. You block the slime creature's attack.
The acid blob spits acid at you. The splash of acid hits you. You resist.
* * * LOW HITPOINT WARNING * * *
You block the enormous slime creature's attack.
A slime creature comes into view.
Two slime creatures merge to form an enormous slime creature.
An enormous slime creature splits.
Your cactus giant barely misses the acid blob.
The acid blob spits acid at you. The splash of acid hits you! You resist.
You die...

,,.........##### * , , ,
,.............#J#.#... , ,
,..................... , ,
.............J....... ,,
..................... , ,
............J........ ,
..........J.......... ,,,
,,,........J.JJJ........, ,
, ......^....J.@....... ,,,
, ,,,.........CJ..........
, ,,
,.....................,,, ,
, ,.......................
,, ,
,....................... *,
....................... , ,
*......................., ,
, **
......................,,,,,
, * .....................,
,,


You could see 2 acid blobs, an azure jelly, 2 enormous slime creatures, 2 large
slime creatures, 2 slime creatures, a quicksilver ooze and a friendly cactus
giant (summoned, corroded).

Vanquished Creatures
  A juggernaut (Depths:3)
  Vashnia (Snake:4)
  Margery (Depths:3)
  2 tentacled monstrosities (Depths:3)
  Mlioglotl (Swamp:4)
  2 liches
  2 deep elf blademasters
  6 acid blobs
  2 deep elf master archers (Elf:3)
  2 sphinxes
  Kirke (Lair:6)
  3 azure jellies
  3 rockslimes
  5 nagarajas
  Donald (Swamp:3)
  A fire giant (Depths:3)
  4 frost giants
  An orc warlord (Vaults:1)
  Aizul (Elf:3)
  An iron dragon (Depths:3)
  2 vault wardens (Vaults:1)
  6 deep elf sorcerers
  2 ghouls (Swamp:1)
  3 deep elf elementalists (Elf:3)
  A quicksilver ooze (Slime:4)
  A war gargoyle (Vaults:1)
  A spriggan defender (Depths:3)
  8 ironbound preservers
  12 stone giants
  An ironbound thunderhulk (Vaults:1)
  6 deep elf demonologists
  3 very ugly things
  The ghost of PRIMUS the Cleaver, a journeyman DrBe of Trog (Lair:6)
  6 deep elf annihilators (Elf:3)
  4 eleionomae
  2 vampire knights (Depths:3)
  2 bunyips
  2 dire elephants
  6 spark wasps
  6 deep elf death magi
  2 fire dragons (Depths:3)
  2 ettins
  2 shambling mangroves (Swamp:1)
  Harold (D:9)
  A deep elf high priest (Elf:3)
  6 yaktaur captains
  A rakshasa (Depths:1)
  11 great orbs of eyes
  13 hydras
  6 ice dragons
  4 spriggan air magi
  A vault guard (Vaults:1)
  3 ogre magi
  3 boulder beetles
  5 ironbound frosthearts
  3 salamander tyrants
  3 ghost crabs
  10 naga warriors
  10 anacondas
  5 centaur warriors
  A catoblepas (Lair:1)
  27 dancing weapons
  16 two-headed ogres
  A spectral dire elephant (Lair:6)
  14 alligators
  5 deep troll shamans
  8 tengu warriors
  A hell hog (Depths:2)
  15 naga sharpshooters
  A deep troll earth mage (Depths:1)
  2 spriggan berserkers
  4 orc high priests
  3 hell knights (Depths:3)
  22 death yaks
  10 shock serpents
  9 sun demons (Depths:2)
  A skeletal warrior (D:14)
  8 deep elf knights
  5 salamander mystics
  A fire crab (Gauntlet)
  A spectral anaconda (Lair:6)
  5 iron trolls
  5 goliath frogs
  9 naga ritualists
  6 spriggan druids
  A sea snake (Snake:2)
  32 deep trolls
  2 glowing orange brains
  17 nameless horrors
  11 necromancers
  A flayed ghost (Depths:3)
  A bog body (Swamp:3)
  Pikel (D:4)
  7 deep elf archers
  An obsidian statue (Lair:6)
  9 ironbound convokers
  A harpy (Vaults:2)
  4 swamp dragons
  28 deep elf pyromancers
  8 lindwurms
  6 wizards
  29 ugly things
  19 salamanders
  A fire giant zombie (Depths:1)
  3 cyclopes
  20 deep elf zephyrmancers
  7 orc knights
  2 shining eyes
  8 mana vipers
  5 orc sorcerers
  5 manticores
  4 will-o-the-wisps
  A moth of wrath (Lair:6)
  41 black mambas
  13 elephants
  A torpor snail (Lair:6)
  6 vault sentinels
  A frost giant skeleton (Depths:1)
  Joseph (D:7)
  4 centaur skeletons (D:14)
  3 gargoyles
  6 guardian serpents
  5 eyes of devastation
  20 cane toads
  11 naga magi
  A black mamba (shapeshifter) (D:15)
  23 yaktaurs
  A rime drake (Lair:4)
  5 tengu conjurers
  2 efreet (D:15)
  3 unseen horrors
  4 freezing wraiths (Swamp:4)
  A kobold demonologist (Depths:1)
  11 komodo dragons
  12 trolls
  A wind drake (shapeshifter) (Elf:2)
  A troll (shapeshifter) (D:13)
  3 meliai (D:14)
  5 tyrant leeches
  7 hornets
  2 polar bears
  67 slime creatures
  A dream sheep (shapeshifter) (Vaults:1)
  A spectral elephant (Lair:6)
  10 blink frogs
  A centaur simulacrum (D:15)
  14 spriggans
  5 air elementals
  A culicivora (shapeshifter) (Elf:3)
  A ynoxinul (Depths:3)
  4 shadows
  A wraith (D:10)
  42 yaks
  A vampire (D:13)
  3 fire bats (Gauntlet)
  9 wyverns
  A dire elephant simulacrum (Lair:6)
  7 basilisks
  3 fire elementals
  A hog (Lair:5)
  2 large abominations (Elf:1)
  3 swamp worm simulacra (Swamp:4)
  2 golden eyes (Slime:1)
  7 vampire mosquitoes
  Menkaure (D:7)
  A warg (D:10)
  44 nagas
  A spectral cane toad (Lair:6)
  20 swamp worms
  18 water moccasins
  A human zombie (Depths:1)
  2 acid dragons
  Duvessa (D:6)
  14 hydra simulacra (Swamp:4)
  A swamp drake (Swamp:2)
  25 orc warriors
  An ice beast (D:5)
  2 black bears (Lair:2)
  An elephant zombie (Lair:6)
  2 boggarts
  10 ogres
  23 wolves
  21 centaurs
  An elephant skeleton (Lair:6)
  8 kobold brigands
  2 elf zombies (Elf:1)
  3 gnoll sergeants (D:10)
  15 bullfrogs
  2 scorpions (D:5)
  2 cane toad simulacra (Lair:6)
  4 earth elementals
  3 necrophages
  A tengu simulacrum (Depths:1)
  3 wights
  Dowan (D:6)
  10 killer bees
  An elephant simulacrum (Lair:6)
  3 howler monkeys
  6 electric eels
  2 hounds
  24 orc priests
  Crazy Yiuf (D:2)
  A gnoll shaman (D:6)
  10 jellies
  6 iguanas
  Jessica (D:3)
  Natasha (thrice) (D:3)
  33 orc wizards
  7 hell rats (Lair:4)
  9 adders
  16 gnolls
  A shadow imp (D:5)
  5 swamp drake simulacra (Swamp:4)
  An ufetubus (D:6)
  6 worms
  4 dart slugs
  100 orcs
  13 bats
  4 endoplasms
  4 giant cockroaches
  14 goblins
  3 hobgoblins
  4 jackals (D:4)
  26 kobolds
  2 quokkas
  10 ball pythons
  A ball python (shapeshifter) (D:15)
  4 frilled lizards
  7 rats
  A spectral orc (D:12)
  A fire vortex (Depths:2)
1581 creatures vanquished.

Vanquished Creatures (collateral kills)
  A tentacled monstrosity (Depths:3)
  Jorgrun (D:15)
  An acid blob (Slime:2)
  A rockslime (Slime:3)
  A balrug (Depths:1)
  A deep elf sorcerer (Elf:3)
  An orc warlord (Bailey)
  2 spriggan defenders
  A quicksilver ooze (Slime:3)
  A stone giant (Vaults:1)
  A very ugly thing (Depths:1)
  An ironbound thunderhulk (Vaults:2)
  A bunyip (Swamp:3)
  A minotaur (Gauntlet)
  2 fire dragons
  2 great orbs of eyes
  An ice dragon (Swamp:4)
  A salamander tyrant (Snake:4)
  A hydra (Swamp:2)
  2 anacondas
  6 naga warriors
  3 two-headed ogres (D:15)
  Urug (D:11)
  2 naga sharpshooters
  A naga ritualist (Snake:1)
  A death drake (Swamp:1)
  5 deep trolls
  3 bog bodies
  6 harpies
  An ironbound convoker (Vaults:1)
  2 orc knights (Vaults:1)
  2 mana vipers (Snake:1)
  9 ugly things
  3 guardian serpents
  5 black mambas
  2 vault sentinels
  2 yaktaurs (Vaults:1)
  4 naga magi
  A tyrant leech (Swamp:2)
  2 hornets (Swamp:1)
  5 slime creatures
  A wyvern (Lair:6)
  3 vampire mosquitoes (Swamp:1)
  A large abomination (Elf:1)
  A naga (Snake:3)
  A water moccasin (Lair:6)
  An orc warrior (D:11)
  An orc (D:11)
99 creatures vanquished.

Vanquished Creatures (others)
  A ghost crab (Swamp:4)
  A deep elf pyromancer (Elf:1)
  A bloated husk (Swamp:2)
  A tyrant leech (Swamp:4)
  A hornet (Swamp:1)
  A spriggan (Swamp:1)
  2 humans (Lair:6)
  A swamp worm (Swamp:4)
  2 electric eels (Lair:6)
  10 foxfires
  33 fungi
  196 plants
  4 toadstools (D:7)
  29 withered plants (Lair:6)
283 creatures vanquished.

Grand Total: 1963 creatures vanquished

Notes
Turn   | Place    | Note
-------+----------+-------------------------------------------
     0 | D:1      | Shayle the Tengu Brigand began the quest for the Orb.
     0 | D:1      | Reached XP level 1. HP: 12/12 MP: 2/2
    30 | D:1      | Found a faded altar of an unknown god.
   429 | D:1      | Reached XP level 2. HP: 17/17 MP: 3/3
   870 | D:1      | Reached XP level 3. HP: 22/22 MP: 5/5
   939 | D:1      | Reached skill level 1 in Spellcasting
  1513 | D:2      | Identified the +1 dagger of Trauma {antimagic, Fragile
                  | Dex+6 SInv}
  1893 | D:2      | Found a runed translucent door.
  1894 | D:2      | Noticed Crazy Yiuf
  2087 | D:3      | Reached XP level 4. HP: 27/27 MP: 5/7
  2097 | D:3      | Noticed Jessica
  2107 | D:3      | Killed Jessica
  2218 | D:3      | Identified the +0 ring mail "Sazosash" {Dex+4}
  2278 | D:3      | Noticed Natasha
  2290 | D:3      | Killed Natasha
  2291 | D:3      | Gained mutation: Your magical nature lets you fly swiftly
                  | and evasively. [Tengu growth]
  2291 | D:3      | Reached XP level 5. HP: 13/32 MP: 8/8
  2755 | D:3      | Noticed Natasha
  2766 | D:3      | Killed Natasha
  2767 | D:3      | Reached skill level 2 in Spellcasting
  2895 | D:3      | Noticed Natasha
  2899 | D:3      | Killed Natasha
  2900 | D:3      | Reached skill level 5 in Stealth
  2968 | D:4      | Reached XP level 6. HP: 29/37 MP: 10/10
  3196 | D:4      | Found a staircase to the Ecumenical Temple.
  3205 | Temple   | Entered the Ecumenical Temple
  3331 | Temple   | Became a worshipper of Ashenzari the Shackled
  3399 | D:4      | Identified the +1 leather armour of Lethargy {Int+3}
  3889 | D:4      | Reached XP level 7. HP: 41/42 MP: 12/12
  3978 | D:5      | Entered Level 5 of the Dungeon
  3978 | D:5      | Noticed Pikel
  4005 | D:4      | Killed Pikel
  4006 | D:4      | Reached skill level 3 in Spellcasting
  4006 | D:4      | Reached XP level 8. HP: 37/48 MP: 12/14
  4291 | D:5      | Reached skill level 5 in Dodging
  4291 | D:5      | Reached skill level 4 in Spellcasting
  4345 | D:5      | Reached skill level 5 in Fighting
  5295 | D:6      | Reached * piety under Ashenzari
  5295 | D:6      | Identified a scroll of acquirement
  5323 | D:6      | Found a glowing drain.
  5352 | Sewer    | Entered a sewer
  5473 | D:6      | Acquired a +2 quick blade
  5588 | D:6      | Noticed Duvessa
  5612 | D:6      | Reached XP level 9. HP: 29/56 MP: 18/18
  5628 | D:6      | Killed Duvessa
  5629 | D:6      | Reached skill level 5 in Spellcasting
  6036 | D:6      | Noticed Dowan
  6048 | D:6      | Killed Dowan
  6486 | D:7      | Identified the +5 rapier of Courage {flame, Dex+2}
  6621 | D:7      | Noticed Menkaure
  6622 | D:7      | Noticed Joseph
  6806 | D:8      | Reached skill level 1 in Armour
  6806 | D:8      | Reached skill level 1 in Shields
  6816 | D:8      | Reached skill level 1 in Transmutations
  6816 | D:8      | Reached skill level 1 in Poison Magic
  7007 | D:8      | Found a flagged portal.
  7026 | Bailey   | Entered a bailey
  7103 | Bailey   | Noticed an orc warlord
  7303 | Bailey   | Found a runed translucent gate.
  7304 | Bailey   | Found a runed translucent gate.
  7305 | Bailey   | Found a runed translucent gate.
  7490 | Bailey   | Killed an orc warlord
  7491 | Bailey   | Reached XP level 10. HP: 64/64 MP: 19/21
  7517 | Bailey   | Reached skill level 6 in Spellcasting
  7517 | Bailey   | Reached XP level 11. HP: 68/68 MP: 21/23
  7555 | D:8      | Found a bloodstained altar of Trog.
  7969 | D:9      | Reached skill level 5 in Armour
  8050 | D:9      | Noticed Harold
  8077 | D:9      | Killed Harold
  9209 | D:10     | Entered Level 10 of the Dungeon
  9213 | D:10     | Noticed a two-headed ogre
  9234 | D:9      | Killed a two-headed ogre
  9235 | D:9      | Reached skill level 7 in Spellcasting
  9235 | D:9      | Reached skill level 5 in Poison Magic
  9325 | D:8      | Acquired the +2 pair of gloves of the Serpent {Rampage
                  | rElec}
  9408 | D:7      | Killed Menkaure
  9775 | D:2      | Killed Crazy Yiuf
 10176 | D:7      | Killed Joseph
 11216 | D:10     | Found a staircase to the Orcish Mines.
 11712 | D:10     | Noticed a two-headed ogre
 11898 | D:10     | Killed a two-headed ogre
 12092 | D:11     | Reached XP level 12. HP: 60/75 MP: 25/25
 12497 | D:11     | Reached skill level 5 in Transmutations
 12500 | D:11     | Found a staircase to the Lair.
 12869 | D:11     | Noticed a boulder beetle
 12873 | D:11     | Noticed a centaur warrior
 12877 | D:11     | Noticed a centaur warrior
 12891 | D:11     | Noticed a two-headed ogre
 12900 | D:11     | Killed a two-headed ogre
 13034 | D:11     | Noticed Urug
 13074 | D:11     | Killed Urug
 13191 | D:11     | Noticed a two-headed ogre
 13202 | D:11     | Killed a two-headed ogre
 13568 | D:11     | Killed a boulder beetle
 13569 | D:11     | Reached skill level 8 in Spellcasting
 13627 | Lair:1   | Entered Level 1 of the Lair of Beasts
 13719 | Lair:1   | Reached ** piety under Ashenzari
 14031 | Lair:1   | Noticed a catoblepas
 14063 | Lair:1   | Killed a catoblepas
 14293 | Lair:1   | Noticed a five-headed hydra
 14304 | Lair:1   | Killed a five-headed hydra
 15197 | Lair:1   | Noticed a five-headed hydra
 15204 | Lair:1   | Killed a five-headed hydra
 15205 | Lair:1   | Reached skill level 1 in Summonings
 15205 | Lair:1   | Reached skill level 1 in Necromancy
 15460 | Lair:1   | Noticed a four-headed hydra
 15468 | Lair:1   | Killed a four-headed hydra
 15988 | Lair:2   | Found a gate leading to a gauntlet.
 16005 | Lair:2   | Reached skill level 1 in Hexes
 16031 | Gauntlet | Entered a Gauntlet
 16031 | Gauntlet | Found a runed translucent door.
 16031 | Gauntlet | Found a transporter.
 16031 | Gauntlet | Found a runed translucent door.
 16031 | Gauntlet | Found a transporter.
 16033 | Gauntlet | Found a transporter.
 16033 | Gauntlet | Found a transporter.
 16036 | Gauntlet | Found a transporter.
 16052 | Gauntlet | Identified the amulet of the Philosopher {Acrobat rElec
                  | rCorr Str+3 Dex+2}
 16068 | Gauntlet | Noticed a dire elephant
 16072 | Gauntlet | Found a transporter.
 16073 | Gauntlet | Found a transporter.
 16073 | Gauntlet | Found a transporter.
 16084 | Gauntlet | Found a transporter.
 16084 | Gauntlet | Identified the +1 pair of boots "Exunuaq" {rF+}
 16100 | Gauntlet | Found a transporter.
 16102 | Gauntlet | Noticed a catoblepas
 16103 | Gauntlet | Identified the Almanac of Bewitching Translocation
 16110 | Gauntlet | Found a transporter.
 16113 | Gauntlet | Identified the +1 pair of boots "Qattin" {Contam +Blink Fly
                  | rC+}
 16124 | Gauntlet | Found a transporter.
 16137 | Gauntlet | Learned a level 5 spell: Lightning Bolt
 16151 | Gauntlet | Found a transporter.
 16172 | Gauntlet | Found a transporter.
 16209 | Gauntlet | Reached XP level 13. HP: 58/82 MP: 27/27
 16826 | Gauntlet | Identified the Volume of Venom
 16826 | Gauntlet | Identified the +8 great sword of the Pits of Slime {flame,
                  | Fragile Str+9 Int-4 SInv}
 16826 | Gauntlet | Noticed a minotaur
 16834 | Gauntlet | Killed a minotaur
 17566 | Lair:2   | Learned a level 4 spell: Airstrike
 18583 | Lair:2   | Learned a level 3 spell: Mephitic Cloud
 18587 | Lair:2   | Learned a level 3 spell: Ignite Poison
 19909 | Lair:3   | Identified the +2 cloak of Ignis's Castigation {rElec rF+
                  | Will- Dex+3}
 20409 | Lair:3   | Reached skill level 9 in Spellcasting
 21074 | Lair:4   | Found a staircase to the Snake Pit.
 21329 | Lair:4   | Learned a level 3 spell: Stone Arrow
 21383 | Lair:4   | Found a staircase to the Swamp.
 22466 | Lair:5   | Reached XP level 14. HP: 80/90 MP: 23/29
 22535 | Lair:5   | Reached skill level 5 in Summonings
 22732 | Lair:4   | Learned a level 3 spell: Vampiric Draining
 23053 | Lair:4   | Reached skill level 10 in Fighting
 23492 | Lair:5   | Reached skill level 5 in Necromancy
 23611 | Lair:5   | Reached *** piety under Ashenzari
 23973 | Lair:5   | Reached skill level 1 in Polearms
 24448 | Lair:6   | Entered Level 6 of the Lair of Beasts
 24467 | Lair:6   | Found a viscous altar of Jiyva.
 24467 | Lair:6   | Found a staircase to the Slime Pits.
 24494 | Lair:6   | Found a transporter.
 24652 | Lair:6   | Reached skill level 1 in Earth Magic
 24757 | Lair:6   | Noticed PRIMUS's ghost (journeyman DrBe)
 24772 | Lair:6   | Found a transporter.
 25237 | Lair:6   | Noticed Kirke
 25910 | Lair:6   | Killed Kirke
 25911 | Lair:6   | Reached skill level 5 in Shields
 26285 | Lair:6   | Noticed a dire elephant
 26591 | Lair:5   | Killed a dire elephant
 26851 | Lair:6   | Noticed a dire elephant
 26880 | Lair:6   | Reached XP level 15. HP: 62/96 MP: 22/31
 28098 | Lair:6   | Reached skill level 5 in Polearms
 29236 | D:12     | Reached skill level 10 in Spellcasting
 29388 | D:12     | Found Naofe's Jewellery Shoppe.
 29406 | D:12     | Identified the +6 rapier "Pafol" {flame, rF+ rN+}
 29495 | D:12     | Found a basalt altar of Yredelemnul.
 32285 | D:14     | Found a radiant altar of Vehumet.
 33684 | Orc:1    | Entered Level 1 of the Orcish Mines
 35785 | Orc:2    | Entered Level 2 of the Orcish Mines
 35948 | Orc:2    | Found Doxuw's Distillery.
 35991 | Orc:2    | Found a staircase to the Elven Halls.
 36129 | Orc:2    | Gained mutation: Armour fits poorly on your strangely
                  | shaped body. [a neqoxec]
 36175 | Orc:2    | Reached XP level 16. HP: 103/103 MP: 9/32
 36916 | Orc:2    | Reached skill level 5 in Hexes
 37191 | Orc:2    | Found Lyhid's Magic Scroll Shop.
 37197 | Orc:2    | Paralysed by an orc sorcerer for 4 turns
 37244 | Orc:2    | Found Olur's Assorted Antiques.
 37250 | Orc:2    | Found Baequad's Assorted Antiques.
 37252 | Orc:2    | Found Fak Akh's Antique Armour Shop.
 37272 | Orc:2    | Bought a scroll of acquirement for 520 gold pieces
 37273 | Orc:2    | Acquired 772 gold pieces
 38385 | D:14     | Upgraded the game from 0.29-a0-371-g91724d5b39 to
                  | 0.29-a0-375-g5102b3be25
 38642 | D:14     | Found a gate to the Vaults.
 38862 | D:15     | Entered Level 15 of the Dungeon
 39176 | Snake:1  | Entered Level 1 of the Snake Pit
 40339 | Snake:1  | Learned a level 6 spell: Summon Cactus Giant
 40658 | Snake:1  | Learned a level 4 spell: Summon Ice Beast
 40668 | Snake:1  | Reached skill level 1 in Fire Magic
 42325 | Orc:2    | Bought a runed troll leather armour for 648 gold pieces
 42325 | Orc:2    | Bought a scroll of fog for 72 gold pieces
 42325 | Orc:2    | Bought a murky green potion for 32 gold pieces
 42347 | Orc:2    | Bought a scroll of fear for 147 gold pieces
 42349 | Orc:2    | Bought a scroll of enchant armour for 75 gold pieces
 42349 | Orc:2    | Bought a scroll of enchant weapon for 75 gold pieces
 42349 | Orc:2    | Bought a scroll of fog for 20 gold pieces
 44379 | Snake:2  | Noticed a nagaraja
 44857 | Snake:2  | Killed a nagaraja
 44858 | Snake:2  | Reached XP level 17. HP: 96/109 MP: 2/34
 44982 | Snake:2  | Reached skill level 5 in Fire Magic
 45796 | Swamp:1  | Entered Level 1 of the Swamp
 45839 | Swamp:1  | Reached skill level 5 in Earth Magic
 47432 | Lair:4   | Reached skill level 10 in Summonings
 48814 | Swamp:2  | Found a transporter.
 48816 | Swamp:2  | Noticed OTABOTABOTAB's ghost (adept DECj)
 48817 | Swamp:2  | Found a transporter.
 51344 | Swamp:4  | Entered Level 4 of the Swamp
 51830 | Swamp:4  | Learned a level 5 spell: Yara's Violent Unravelling
 52203 | Swamp:4  | Identified the +5 ring mail of Words of Power {MP+9 Str+6}
 52590 | Swamp:4  | Reached XP level 18. HP: 116/116 MP: 7/35
 53313 | Swamp:4  | Noticed Donald
 53616 | Swamp:3  | Killed Donald
 53855 | Swamp:4  | Noticed Mlioglotl
 53880 | Swamp:4  | Killed Mlioglotl
 55546 | Swamp:4  | Got a decaying rune of Zot
 58087 | Snake:3  | Learned a level 6 spell: Iron Shot
 59872 | Snake:4  | Entered Level 4 of the Snake Pit
 60139 | Snake:4  | Reached skill level 11 in Spellcasting
 60520 | Snake:4  | Reached skill level 10 in Shields
 61057 | Snake:4  | Identified the +2 dagger "Gimousen" {flame, Str+3 Int+4
                  | Dex-4 SInv}
 61550 | Snake:4  | Noticed Mara
 62009 | Snake:4  | Found a stormy altar of Qazlal.
 62410 | Snake:4  | Noticed Shayle's illusion
 62724 | Snake:4  | Noticed Shayle's illusion
 62744 | Snake:3  | Noticed Shayle's illusion
 62948 | Snake:4  | Noticed Vashnia
 63814 | Snake:4  | Reached skill level 10 in Conjurations
 64688 | Snake:4  | Reached XP level 19. HP: 123/123 MP: 9/36
 65437 | Snake:4  | Killed Vashnia
 66377 | Snake:4  | Got a serpentine rune of Zot
 66718 | Snake:4  | Found a runed translucent gate.
 66719 | Snake:4  | Found a runed translucent gate.
 66719 | Snake:4  | Found an opulent altar of Gozag.
 66719 | Snake:4  | Noticed Cifurakhle's ghost (adept MiBe)
 66720 | Snake:4  | Found a runed translucent gate.
 66722 | Snake:4  | Found Vuapetz's Assorted Antiques.
 67356 | Vaults:1 | Entered Level 1 of the Vaults
 67436 | Vaults:1 | Found a flickering gateway to a bazaar.
 67514 | Bazaar   | Entered a bazaar
 67516 | Bazaar   | Found Goyd Imi's General Store.
 67694 | Bazaar   | Found Qeut's Distillery.
 67694 | Bazaar   | Found Bekhoihu's Assorted Antiques.
 67694 | Bazaar   | Found Dohilynt's Armour Boutique.
 67707 | Bazaar   | Bought a potion of curing for 45 gold pieces
 67707 | Bazaar   | Bought a potion of magic for 120 gold pieces
 67707 | Bazaar   | Bought 2 potions of curing for 90 gold pieces
 67725 | Bazaar   | Bought a scroll of teleportation for 42 gold pieces
 67725 | Bazaar   | Bought a wand of acid (2) for 168 gold pieces
 67725 | Bazaar   | Bought a wand of acid (4) for 224 gold pieces
 67725 | Bazaar   | Bought a book of Dreams for 336 gold pieces
 67730 | Bazaar   | Bought a wand of iceblast (6) for 116 gold pieces
 67730 | Bazaar   | Bought a scroll of fear for 101 gold pieces
 67730 | Bazaar   | Bought a scroll of enchant weapon for 217 gold pieces
 67730 | Bazaar   | Bought a jewelled halberd for 261 gold pieces
 67730 | Bazaar   | Identified the +5 halberd "Evuo" {flame, Dex+3} (You bought
                  | it in a shop in a bazaar)
 67746 | Bazaar   | Bought a potion of invisibility for 120 gold pieces
 67746 | Bazaar   | Bought 2 potions of brilliance for 120 gold pieces
 67746 | Bazaar   | Bought a potion of might for 60 gold pieces
 71902 | Vaults:1 | Found Riusam's Distillery.
 71959 | Vaults:1 | Bought a potion of heal wounds for 70 gold pieces
 71959 | Vaults:1 | Bought 2 potions of haste for 280 gold pieces
 72407 | Vaults:2 | Reached skill level 10 in Earth Magic
 72407 | Vaults:2 | Reached XP level 20. HP: 113/128 MP: 5/38
 72847 | Vaults:2 | Reached skill level 12 in Spellcasting
 73389 | Vaults:2 | Noticed Mennas
 74268 | D:15     | Found a staircase to the Depths.
 74691 | D:15     | Noticed Jorgrun
 74704 | D:15     | Killed Jorgrun
 75052 | D:15     | Found a sparkling altar of Nemelex Xobeh.
 75713 | Depths:1 | Entered Level 1 of the Depths
 75898 | Elf:1    | Entered Level 1 of the Elven Halls
 76357 | Elf:1    | Reached skill level 13 in Spellcasting
 76890 | Elf:1    | Identified Ireett's Guide on Darkness
 79418 | Elf:2    | Found a huge runed translucent gate.
 79418 | Elf:2    | Found a huge runed translucent gate.
 79418 | Elf:2    | Found a huge runed translucent gate.
 79459 | Elf:2    | Found a huge runed translucent gate.
 79460 | Elf:2    | Found a huge runed translucent gate.
 80195 | Elf:2    | Reached skill level 14 in Spellcasting
 80918 | Elf:3    | Entered Level 3 of the Elven Halls
 81004 | Elf:3    | Reached XP level 21. HP: 133/133 MP: 37/41
 81093 | Elf:3    | Cast into level 2 of the Abyss (a deep elf sorcerer)
 81127 | Elf:3    | Escaped the Abyss
 81249 | Elf:3    | Noticed Aizul
 81273 | Elf:3    | Killed Aizul
 83444 | Elf:3    | Identified the Guide on Earthen Toxins
 83640 | Elf:3    | Identified the ring "Xeimnuac" {rC+ rN+ Str+6 Dex-5 Slay+3}
 83710 | Elf:3    | Paralysed by an air elemental for 1 turns
 84030 | Elf:3    | Found an ancient bone altar of Kikubaaqudgha.
 84186 | Elf:3    | Identified the +0 chain mail of Dishonesty {*Corrode rElec
                  | Stlth+}
 84415 | Elf:3    | Reached skill level 15 in Spellcasting
 84507 | Elf:3    | Identified the Incunabulum of Combat Magic
 84508 | Elf:3    | Identified the +4 chain mail of Going Fast {rElec}
 84952 | Elf:3    | Identified the +7 quarterstaff of Ihioll {flame, rPois
                  | Int+5 Dex+2}
 87907 | Depths:1 | Identified the +1 scale mail "Toizuw" {+Blink Stlth+}
 88974 | Depths:1 | Found a one-way gate leading to the halls of Pandemonium.
 89327 | Depths:1 | Found Opezeent's Weapon Emporium.
 89503 | Depths:1 | Reached skill level 16 in Spellcasting
 89504 | Depths:1 | Found a runed translucent door.
 89763 | Depths:1 | Found a gateway to Hell.
 89821 | Depths:1 | Found a one-way gate to the infinite horrors of the Abyss.
 90441 | Depths:2 | Reached XP level 22. HP: 139/139 MP: 42/44
 91788 | Depths:2 | Found a runed translucent door.
 93028 | Depths:3 | Reached **** piety under Ashenzari
 93529 | Depths:3 | Found a runed translucent door.
 93529 | Depths:3 | Found a runed translucent door.
 93530 | Depths:3 | Found a runed translucent door.
 95135 | Depths:3 | Reached skill level 10 in Air Magic
 95230 | Depths:3 | Noticed a juggernaut
 95304 | Depths:3 | Killed a juggernaut
 95481 | Depths:3 | Noticed Margery
 96638 | Depths:3 | Killed Margery
 97214 | Depths:3 | Found a runed translucent door.
 97221 | Depths:3 | Identified the Handbook of Translocation and Sinister
                  | Rituals
 97235 | Depths:3 | Found a runed translucent door.
 97584 | Depths:3 | Noticed Boris
 97769 | Depths:3 | Noticed Parghit
 99181 | Lair:6   | Killed PRIMUS's ghost
 99779 | Snake:4  | Reached skill level 17 in Spellcasting
100156 | Slime:1  | Entered Level 1 of the Pits of Slime
100337 | Lair:6   | Learned a level 7 spell: Storm Form
100343 | Lair:6   | Learned a level 5 spell: Manifold Assault
100353 | Slime:1  | Reached skill level 1 in Unarmed Combat
100442 | Slime:1  | Identified the cursed +2 cloak of the Distant Burden
                  | {Melee, Elem}
100442 | Slime:1  | Identified the cursed +2 hat of Ashenzari's Augurer {Elem,
                  | Cun} (You found it in a Gauntlet)
100442 | Slime:1  | Identified the cursed +5 kite shield of Ashenzari's Apathy
                  | {AC+3, Comp, Bglg} (You took it off a tengu warrior on
                  | level 13 of the Dungeon)
103299 | Slime:5  | Entered Level 5 of the Pits of Slime
103307 | Slime:5  | Reached skill level 5 in Unarmed Combat
103308 | Slime:5  | Gained mutation: You are dopey. (Int -2) [a shining eye]
103420 | Slime:5  | Reached XP level 23. HP: 144/144 MP: 17/46
104538 | Slime:5  | Noticed the Royal Jelly
104861 | Slime:3  | Paralysed by a great orb of eyes for 5 turns
105495 | Slime:5  | HP: 4/144 [acid blob/splash of acid (5)]
105501 | Slime:5  | HP: 6/144 [acid blob/splash of acid (6)]
105502 | Slime:5  | Killed from afar by an acid blob

Illustrated notes

Levels and vault maps discovered:
D:1:      matt_arrival_grand_opening, layout_basic, serial_forest,
          infiniplex_forest_clump_medium, infiniplex_forest_clump_long,
          infiniplex_forest_clump_large, infiniplex_forest_clump_double,
          infiniplex_forest_clump_long, infiniplex_forest_end_2,
          infiniplex_forest_join, ebering_ecumenical_altar_rust
D:2:      layout_basic, uniq_crazy_yiuf_cottage
D:3:      layout_rooms, uniq_jessica, uniq_natasha
D:4:      layout_loops_cross, minmay_temple_entry_tees
D:5:      layout_basic, kennysheep_boxes, uniq_pikel
D:6:      layout_basic, portal_sewer_entry_a, dk_noncrumbling_3, uniq_duvessa
D:7:      layout_basic, minmay_gold_behind_fungi, dreamdust_gnoll_shepherd,
          uniq_menkaure, uniq_joseph
D:8:      minmay_flawed_box, layout_basic, lightli_temple_of_fire,
          enter_bailey_5
D:9:      layout_basic, uniq_harold
D:10:     nzn_winding_woodlands_small [nzn_winding_woodlands_5x15_pool,
          nzn_winding_woodlands_center_pierced_h,
          nzn_winding_woodlands_5x15_parted], layout_irregular_city,
          hiddenorc2_lemuel
D:11:     layout_stronghold, lair_entry_dummy, minmay_mirror_moons_of_madness,
          uniq_urug
D:12:     layout_stronghold, serial_shops, shop,
          yredelemnul_forgotten_temple_becter
D:13:     layout_loops_ring
D:14:     layout_gridville, hangedman_vaults_entry_quadrant_bands,
          vehumet_crystals
D:15:     hangedman_depths_entry_civil_slaughter, layout_irregular_city,
          fountainhead, nemelex_lonely_heart_becter, uniq_jorgrun
Temple:   regret_index_temple_sigil_plot
Lair:1:   cheibrodos_lair_river_kwai, layout_regular_city, wad_woods_river_01,
          serial_bayou_shore_a
Lair:2:   layout_hall_layers, gauntlet_entry_generic, forest_entry_grove
Lair:3:   layout_roguey, grunt_megastairs_5
Lair:4:   layout_hall_layers, minmay_swamp_entry_worms,
          minmay_snake_entry_six_corridors, small_statue_intersection
Lair:5:   layout_gridlike, minivault_24, grunt_megastairs_1
Lair:6:   due_jungle_book, layout_big_grid, slime_altar_1,
          gammafunk_ghost_berserking_beasts, serial_bayou, serial_bayou_shore_b,
          serial_bayou_lake_a, serial_bayou_lagoon_b, serial_bayou_pond_d,
          serial_bayou_ford_a, kennysheep_basilisk_garden, uniq_kirke
Swamp:1:  layout_basic_swamp, evilmike_swamp_ruin_rubble_1, swamp_pool1
Swamp:2:  layout_falls_marsh, gammafunk_ghost_arena, evilmike_swamp_ruin_house_2
Swamp:3:  layout_basic_swamp, evilmike_swamp_ruin_house_1, swamp_pool1,
          infiniplex_staircase_pool
Swamp:4:  swamp_icy, layout_basic_swamp, uniq_mlioglotl, uniq_donald
Snake:1:  layout_grid_maze
Snake:2:  layout_misc_corridors, serial_bayou, serial_bayou_lagoon_a,
          serial_bayou_crossing, serial_bayou_pond_e, serial_bayou_pond_d,
          abandoned_shop, grunt_ministairs_10, minmay_snake_pond
Snake:3:  layout_chambers, st_stairs_1
Snake:4:  grunt_snake_rune_serpentine_throne, layout_cave_town, basic_altar,
          ebering_ghost_gozag, nicolae_snake_gridmaze_spiral, uniq_mara
Slime:1:  layout_caves
Slime:2:  layout_caves
Slime:3:  layout_caves
Slime:4:  nicolae_slime_jelly_donut, layout_caves
Slime:5
Orc:1:    layout_caves
Orc:2:    st_orc_elflike, layout_caves, serial_shops, shop_fountains
Elf:1:    eino_elf_arrival_customs, layout_loops_corners, minmay_elf_necromancy,
          hangedman_elven_ridges
Elf:2:    elven_hall_of_blades_hangedman_alternative
          [nicolae_blade_entry_antechamber], layout_geoelf_grid
Elf:3:    grunt_elf_hall_branching, layout_onion_city, basic_altar, uniq_aizul
Vaults:1: ontoclasm_vaults_hangar, vaults_room_hallway,
          nicolae_vaults_quartermaster, vaults_room_door_ring,
          grunt_vaults_swirl, hangedman_vaults_nails,
          hangedman_vaults_stretched_pinwheel, vaults_room_fours,
          hangedman_vaults_maws, v_misc_29, v_misc_5, vaults_dpeg_hooks,
          nicolae_vaults_little_squares_1, vaults_room_mumra_shop_pool,
          layout_vaults_ring, serial_shops, bzr_entry_islet
Vaults:2: hangedman_vaults_nodes, v_misc_28, vaults_room_ringed_pool,
          ontoclasm_vaults_twist, hangedman_vaults_restitches,
          vaults_mumra_hexcomb, serial_ice_h, layout_vaults_omnigrid,
          uniq_mennas
Depths:1: layout_gridlike, serial_shops, nicolae_shop_window_shopping,
          hangedman_geh_valley, pan_entry, marbit_kobold_abyss_entry,
          minmay_misc_feat_five, minmay_acid_items
Depths:2: minmay_expanding_circles, layout_basic, pan_entry,
          nicolae_hell_entry_hellmouth_sunbeams, abyss_entry
Depths:3: minmay_the_grid_triangle_9x9_line_8_mashed
          [minmay_the_grid_triangle_9x9_descending_squares,
          minmay_the_grid_triangle_9x9_fully_insulated_deathbox,
          minmay_the_grid_triangle_9x9_limited_checkers,
          minmay_the_grid_triangle_9x9_negative_grid,
          minmay_the_grid_triangle_9x9_impossible_snake,
          minmay_the_grid_triangle_9x9_tough_junction,
          minmay_the_grid_triangle_9x9_stretched_checkered,
          minmay_the_grid_triangle_9x9_prize_schism], layout_cave_pools,
          grunt_pan_entry_zigzag, serial_bayou_pond_d, hell_entry,
          minmay_room_of_horrors, minmay_staircase_bubble, uniq_parghit,
          uniq_boris, uniq_margery

Skill      XL: |  1  2  3  4  5  6  7  8  9 10 11 12 13 14 15 16 17 18 19 20 21 22 23 |
---------------+----------------------------------------------------------------------+-----
Spellcasting   | 1 2 3 4 5 6 7 8 9 10 11 14 16 17 | 17.0
Dodging        | 2 3 4 6 7 8 |  8.3
Fighting       | 3 4 5 6 7 9 10 11 12 13 | 13.4
Stealth        | 5 6 7 8 |  8.3
Armour         | 3 4 6 7 |  7.7
Shields        | 3 4 5 6 7 9 10 | 10.5
Transmutations | 2 3 4 6 7 8 |  8.5
Poison Magic   | 3 4 5 7 |  7.0
Conjurations   | 6 8 10 13 | 13.6
Air Magic      | 6 7 8 11 | 11.2
Summonings     | 2 4 6 7 9 11 | 11.4
Necromancy     | 1 4 6 7 8 9 |  9.8
Hexes          | 1 2 4 5 |  5.1
Polearms       | 4 6 7 |  7.6
Earth Magic    | 2 3 4 6 7 10 11 13 14 | 14.4
Fire Magic     | 4 9 |  9.9
Unarmed Combat | 5 8 |  8.3
Short Blades   | |  2.1
Throwing       | |  2.0

Action                   |  1- 3 |  4- 6 |  7- 9 | 10-12 | 13-15 | 16-18 | 19-21 | 22-24 || total
-------------------------+-------+-------+-------+-------+-------+-------+-------+-------++-------
Melee: Dagger            |    87 |    99 |   104 |       |       |       |       |       ||   290
       Peck              |    13 |    16 |    65 |   121 |   202 |   213 |   135 |    27 ||   792
       Kick              |    12 |    27 |    99 |   197 |   361 |   278 |   188 |    60 ||  1222
       Punch             |       |     2 |     5 |       |       |       |       |    10 ||    17
       Quick blade       |       |       |   176 |   146 |       |     4 |       |       ||   326
       Rapier            |       |       |       |   382 |   710 |   445 |   330 |    72 ||  1939
       Demon trident     |       |       |       |       |    52 |   252 |   104 |    40 ||   448
       Unarmed           |       |       |       |       |       |       |       |    91 ||    91
Throw: Dart              |     1 |    29 |    19 |    35 |    12 |    10 |       |       ||   106
       Throwing net      |       |       |     1 |     4 |       |     2 |       |       ||     7
 Cast: Airstrike         |       |       |       |       |    63 |   408 |   132 |   159 ||   762
       Mephitic Cloud    |       |       |       |       |   191 |   198 |   189 |    20 ||   598
       Ignite Poison     |       |       |       |       |   110 |   117 |    67 |     4 ||   298
       Stone Arrow       |       |       |       |       |   143 |   195 |       |       ||   338
       Summon Cactus Gia |       |       |       |       |       |    57 |    50 |    25 ||   132
       Summon Ice Beast  |       |       |       |       |       |    31 |     8 |     4 ||    43
       Lightning Bolt    |       |       |       |       |       |     5 |       |       ||     5
       Vampiric Draining |       |       |       |       |       |     2 |    10 |       ||    12
       Iron Shot         |       |       |       |       |       |    11 |   442 |   237 ||   690
       Yara's Violent Un |       |       |       |       |       |    10 |     7 |       ||    17
       Storm Form        |       |       |       |       |       |       |       |     8 ||     8
Invok: Curse Item        |       |       |     2 |     1 |     2 |       |       |     1 ||     6
 Abil: Blinkbolt         |       |       |       |       |       |       |       |     2 ||     2
Evoke: Wand              |       |       |    18 |     7 |    14 |    19 |     9 |     2 ||    69
       Phantom mirror    |       |       |       |       |     2 |     1 |     1 |     1 ||     5
  Use: Potion            |       |     1 |     2 |     2 |     4 |     7 |     7 |    13 ||    36
       Scroll            |       |     3 |     5 |     5 |     8 |    17 |    12 |     9 ||    59
 Stab: Sleeping          |     6 |     2 |     7 |     8 |    13 |     1 |     1 |       ||    38
       Distracted        |       |       |     1 |     1 |     2 |     5 |     3 |       ||    12
       Invisible         |       |       |       |     2 |       |       |       |       ||     2
       Confused          |       |       |       |       |    43 |    29 |    22 |       ||    94
       Paralysed         |       |       |       |       |     2 |     2 |       |       ||     4
       Fleeing           |       |       |       |       |     1 |       |       |       ||     1
       Petrified         |       |       |       |       |       |       |       |     2 ||     2
       Petrifying        |       |       |       |       |       |       |       |     1 ||     1
Armor: Ring mail         |    38 |    27 |    30 |   140 |   261 |   168 |   182 |    48 ||   894
       Troll leather arm |       |       |       |       |       |   112 |       |       ||   112
       Gold dragon scale |       |       |       |       |       |     2 |       |       ||     2
       Skin              |       |       |       |       |       |       |       |    17 ||    17
Dodge: Dodged            |    48 |    45 |   108 |   292 |   584 |   468 |   228 |   198 ||  1971
Block: Other             |       |    17 |    33 |     8 |       |       |       |    17 ||    75
       Buckler           |       |       |       |   318 |   516 |   157 |       |       ||   991
       Reflection        |       |       |       |     9 |     8 |   108 |    68 |    12 ||   205
       Kite shield       |       |       |       |       |       |   682 |   649 |   248 ||  1579

Table legend: (Time is in decaauts)
 A = Elapsed time spent in this place.
 B = Non-inter-level travel time spent in this place.
 C = Inter-level travel time spent in this place.
 D = Time resting spent in this place.
 E = Time spent auto-exploring this place.
 F = Levels seen in this place.
 G = Mean time per level.
                   A        B        C        D        E       F      G
               +--------+--------+--------+--------+--------+-----+--------+
         Total | 101936 |  95048 |   6888 |  51538 |  20568 |  50 | 2038.7 |
       Dungeon |  24977 |  22295 |   2682 |   8532 |   8678 |  15 | 1665.1 |
        Temple |    140 |    114 |     26 |      0 |     93 |   1 |  140.0 |
          Lair |  16519 |  15108 |   1411 |   8264 |   3469 |   6 | 2753.2 |
         Swamp |   9719 |   9486 |    233 |   5914 |   1477 |   4 | 2429.8 |
     Snake Pit |  16691 |  15642 |   1049 |   9198 |   2003 |   4 | 4172.8 |
    Slime Pits |   4290 |   4239 |     51 |   3244 |     81 |   5 |  858.0 |
  Orcish Mines |   2918 |   2459 |    459 |    697 |    982 |   2 | 1459.0 |
   Elven Halls |   8824 |   8450 |    374 |   5014 |   1487 |   3 | 2941.3 |
        Vaults |   6296 |   6027 |    269 |   3393 |   1094 |   2 | 3148.0 |
        Depths |   9802 |   9471 |    331 |   6423 |   1102 |   3 | 3267.3 |
         Abyss |     30 |     30 |      0 |      0 |      0 |   1 |   30.0 |
        Bazaar |    247 |    247 |      0 |    174 |      0 |   1 |  247.0 |
         Sewer |    106 |    106 |      0 |     27 |      0 |   1 |  106.0 |
        Bailey |    457 |    457 |      0 |     73 |     98 |   1 |  457.0 |
      Gauntlet |    914 |    914 |      0 |    582 |      0 |   1 |  914.0 |
               +--------+--------+--------+--------+--------+-----+--------+

Top non-repeatable levels by time:
 Snake:4: 6058 daAuts
Depths:2: 5461 daAuts
 Snake:3: 4522 daAuts
  Lair:6: 4031 daAuts
 Snake:1: 4016 daAuts
Vaults:1: 3853 daAuts
    D:15: 3315 daAuts
   Elf:2: 3181 daAuts
 Swamp:4: 3166 daAuts
    D:14: 3063 daAuts
  Lair:4: 3030 daAuts
  Lair:1: 3021 daAuts
    D:10: 2857 daAuts
   Elf:1: 2854 daAuts
   Elf:3: 2788 daAuts
